 Dungeon Crawl Stone Soup version 0.17-a0-1708-gbd78d88 (console) character file.

2328 Monkaria the Unseen (level 9, -1/37 HPs)
             Began as a Felid Berserker on Aug 22, 2015.
             Was a High Priest of Trog.
             Succumbed to a green ugly thing's poison
             ... on level 9 of the Dungeon.
             The game lasted 00:13:40 (9355 turns).

Monkaria the Unseen (Felid Berserker)               Turns: 9355, Time: 00:13:40

Health: -1/37      AC:  2    Str: 16    XL:     9   Next: 19%
Magic:  10/10      EV: 34    Int:  9    God:    Trog [*****.]
Gold:   546        SH:  0    Dex: 20    Spells: 0 memorised, 8 levels left
                                        Lives:  0   Deaths: 2

rFire  . . .     SeeInvis +       - Unarmed
rCold  . . .     Clarity  .     (armour unavailable)
rNeg   . . .     SustAt   .     (shield unavailable)
rPois  .         Gourm    .     (helmet unavailable)
rElec  .         Spirit   .     (cloak unavailable)
rCorr  .         Warding  .     (gloves unavailable)
rMut   .         Stasis   .     (boots unavailable)
MR     +++..                    n - amulet of faith
Stlth  +++++++++.               x - +4 ring of slaying
                                w - ring of flight

@: agile, lethally poisoned (-1 -> -5), exhausted, regenerating, slowed, slow,
extremely resistant to hostile enchantments, incredibly stealthy
A: no armour, no weapons or thrown items, claws 1, fangs 3, see invisible,
carnivore 3, speed 1, shaggy fur 2, slow metabolism 1, sharp paws
a: Burn Spellbooks, Berserk, Trog's Hand, Brothers in Arms, Renounce Religion,
Evoke Flight


You were on level 9 of the Dungeon.
You worshipped Trog.
Trog was extremely pleased with you.
You were not hungry.

You visited 2 branches of the dungeon, and saw 10 of its levels.
You also visited: Ossuary.

You collected 546 gold pieces.

Inventory:

Jewellery
 g - an uncursed amulet of guardian spirit
 n - an amulet of faith (around neck)
 w - a ring of flight (left paw)
 x - a +4 ring of slaying (right paw)
Magical devices
 h - a wand of confusion (12)
 v - a wand of flame (32)
 K - a wand of lightning (9)
 L - a wand of draining (7)
Scrolls
 b - 7 scrolls of identify
 d - 4 scrolls of fear
 e - 4 scrolls of teleportation
 l - 3 scrolls of amnesia
 o - a scroll of vulnerability {unknown}
 t - 5 scrolls of remove curse
 u - 2 scrolls of fog {unknown}
 y - a scroll of blinking {unknown}
 C - 3 scrolls of recharging {unknown}
 E - 3 scrolls of magic mapping
 H - a scroll of noise {unknown}
 I - a scroll of immolation {unknown}
 J - a scroll of silence {unknown}
Potions
 c - 3 potions of cancellation
 f - a potion of mutation {unknown}
 i - 3 potions of magic {unknown}
 j - 5 potions of poison {unknown}
 m - 3 potions of curing
 p - 2 potions of invisibility
 q - a potion of degeneration {unknown}
 r - a potion of haste {unknown}
 s - a potion of resistance {unknown}
 A - a potion of flight {unknown}
 D - 2 potions of agility
 G - 2 potions of ambrosia {unknown}
Books
 F - a book of Minor Magic

   Spells                             Type                      Level
   a - Magic Dart                     Conjuration                  1
   b - Blink                          Translocation                2
   c - Call Imp                       Summoning                    2
   d - Repel Missiles                 Charms/Air                   2
   e - Slow                           Hexes                        2
   f - Conjure Flame                  Conjuration/Fire             3
   g - Mephitic Cloud                 Conjuration/Poison/Air       3
   Trog disapproves of the use of such an item.
Comestibles
 a - 2 meat rations
 k - a beef jerky
 z - a royal jelly
 B - 2 slices of pizza


   Skills:
 - Level 3.0 Fighting
 + Level 11.4 Dodging
 - Level 16.1 Stealth
 - Level 5.6 Unarmed Combat


You had 8 spell levels left.
You didn't know any spells.

Dungeon Overview and Level Annotations

Branches:
Dungeon (9/15)             Temple (1/1) D:7            Lair (0/8) D:8
    Orc: D:9-12

Altars:
Ashenzari
Cheibriados
Dithmenos
Elyvilon
Fedhas
Gozag
Kikubaaqudgha
Makhleb
Nemelex Xobeh
Okawaru
Qazlal
Ru
Sif Muna
Trog
Vehumet
Xom
Yredelemnul
Zin
The Shining One

Shops:
D:4 [   D:8 (


Innate Abilities, Weirdness & Mutations

You cannot wear armour.
You are incapable of wielding weapons or throwing items.
You have sharp claws.
You have razor-sharp teeth.
You have supernaturally acute eyesight.
You are carnivorous and can eat meat at any time.
You cover ground quickly.
You are covered in thick fur (AC +2).
You have a slow metabolism.
Your sharp claws are effective at attacking unaware monsters.


Message History

You see here a robe.
The green ugly thing misses you. The green ugly thing trunk-slaps you!
There is a stone staircase leading up here.
Use which ability? (? or * to list)
Your skin crawls.
You feel resistant to hostile enchantments.
You feel slightly more hungry. The green ugly thing trunk-slaps you!
* * * LOW HITPOINT WARNING * * *
You are lethally poisoned!
The green ugly thing poisons you!
Unknown command.
* * * LOW HITPOINT WARNING * * *
You feel very sick. The green ugly thing trunk-slaps you.
* * * LOW HITPOINT WARNING * * *
Drink which item? (? for menu, Esc to quit)
It was a potion of agility.
You feel agile all of a sudden.
You die...

#...#........(.....†...#.
#...#.....(.....[###Y###.
#...#....#.......#.....#.
#........#.......#.......
#........#.......#.......
#........#.......#.......
#........#......[###+###.
#...#....######### #.
.......#...@#.......# #.
.......#...u#.......# #.
.......#...<#.......# #.
.......#....#......(# #.
...#####....#.......# #.
... #....'.......# #.
#....#.......# #.
#...[#.......# #.
#....#.......# #.


You could see a green ugly thing.

Vanquished Creatures
  A hill giant (D:6)
  The ghost of Melifaro the Covered, an average HOFi (D:4)
  A steam dragon (D:9)
  A hippogriff (D:7)
  5 yaks (D:9)
  2 ice beasts
  5 ogres
  A phantom (D:5)
  3 black bears
  A sky beast (D:5)
  3 centaurs
  3 elf zombies (Ossuary)
  7 giant frogs
  2 scorpions (D:8)
  4 killer bees (D:8)
  4 wights (D:9)
  A quasit (D:6)
  4 crimson imps
  2 centaur skeletons (D:4)
  A giant frog skeleton (D:4)
  A human zombie (Ossuary)
  A hound (D:4)
  5 jellies
  4 orc priests
  4 orc wizards
  3 iguanas
  6 worker ants
  A hound skeleton (D:4)
  3 hound zombies
  4 mummies (Ossuary)
  2 worker ant zombies
  3 gnolls (D:2)
  18 adders
  A white imp (D:8)
  2 oozes (D:1)
  2 shadow imps (D:5)
  An adder skeleton (D:5)
  A worm (D:4)
  4 giant geckos
  22 orcs
  2 ball pythons
  A gnoll zombie (Ossuary)
  7 goblins
  10 hobgoblins
  16 jackals
  6 kobolds
  5 quokkas
  14 bats
  9 giant cockroaches
  A giant gecko skeleton (D:5)
  4 giant newts
  2 goblin zombies (D:8)
  3 hobgoblin zombies (D:8)
  3 jackal zombies (Ossuary)
  2 kobold zombies
  2 orc skeletons (D:8)
  3 orc zombies
  A quokka skeleton (D:4)
  12 rats
243 creatures vanquished.

Vanquished Creatures (collateral kills)
  A centaur (D:9)
1 creature vanquished.

Grand Total: 244 creatures vanquished

Notes
Turn   | Place    | Note
--------------------------------------------------------------
     0 | D:1      | Monkaria the Felid Berserker began the quest for the Orb.
     0 | D:1      | Reached XP level 1. HP: 10/10 MP: 2/2
   178 | D:1      | Reached XP level 2. HP: 14/14 MP: 3/3
   591 | D:1      | Acquired Trog's second power
   760 | D:2      | Reached XP level 3. HP: 17/17 MP: 4/4
  1139 | D:2      | Reached XP level 4. HP: 21/21 MP: 3/5
  1145 | D:2      | Reached skill level 5 in Unarmed Combat
  1692 | D:3      | Noticed a black bear
  1701 | D:3      | Killed a black bear
  1701 | D:3      | Reached XP level 5. HP: 24/24 MP: 3/6
  1969 | D:3      | Reached skill level 5 in Stealth
  1969 | D:3      | Gained mutation: You are covered in thick fur (AC +2). [Felid growth]
  1969 | D:3      | Reached XP level 6. HP: 28/28 MP: 7/7
  2254 | D:3      | Found a glowing silver altar of Zin.
  2710 | D:3      | Reached skill level 6 in Stealth
  2804 | D:3      | Acquired Trog's third power
  2935 | D:4      | Reached skill level 7 in Stealth
  3049 | D:4      | Found Agoyll's Armour Shop.
  3079 | D:4      | Noticed Melifaro's ghost (average HOFi)
  3097 | D:4      | Killed Melifaro's ghost
  3097 | D:4      | Reached skill level 9 in Stealth
  3097 | D:4      | Reached XP level 7. HP: 31/31 MP: 8/8
  3254 | D:4      | Reached skill level 10 in Stealth
  3540 | D:4      | Found an opulent altar of Gozag.
  4168 | D:5      | Entered Level 5 of the Dungeon
  4186 | D:5      | Reached XP level 8. HP: 34/34 MP: 9/9
  4221 | D:5      | Reached skill level 11 in Stealth
  4297 | D:5      | Found a sacrificial altar of Ru.
  4571 | D:5      | Reached skill level 12 in Stealth
  4806 | D:5      | You fall through a shaft!
  4833 | D:8      | Found a glowing golden altar of the Shining One.
  4916 | D:8      | Found a staircase to the Lair.
  4951 | D:8      | Reached skill level 13 in Stealth
  5046 | D:8      | Found a sand-covered staircase.
  5051 | Ossuary  | Entered an ossuary
  5122 | Ossuary  | Reached skill level 14 in Stealth
  5631 | D:8      | Found Xigoi's Weapon Boutique.
  5731 | D:8      | Reached XP level 9. HP: 34/37 MP: 10/10
  6094 | D:8      | Reached skill level 15 in Stealth
  6250 | D:7      | Found a deep blue altar of Sif Muna.
  6578 | D:7      | Found a staircase to the Ecumenical Temple.
  6717 | D:7      | Killed from afar by an orc priest
  6718 | D:7      | Reached XP level 8. HP: 0/34 MP: 9/9
  6790 | D:7      | Found a stormy altar of Qazlal.
  6944 | D:7      | Reached skill level 16 in Stealth
  7044 | D:7      | Found a sparkling altar of Nemelex Xobeh.
  7055 | D:7      | Found a shimmering altar of Xom.
  7156 | D:6      | Reached skill level 5 in Dodging
  7221 | D:6      | Found a radiant altar of Vehumet.
  7360 | D:6      | Noticed a hill giant
  7360 | D:6      | Reached XP level 9. HP: 32/37 MP: 10/10
  7371 | D:6      | Killed a hill giant
  7648 | D:6      | Found an iron altar of Okawaru.
  7975 | D:6      | Found a shadowy altar of Dithmenos.
  7977 | D:6      | Found a basalt altar of Yredelemnul.
  8451 | Temple   | Entered the Ecumenical Temple
  8744 | D:9      | Found a white marble altar of Elyvilon.
  8917 | D:9      | Reached skill level 10 in Dodging
  9282 | D:9      | Mangled by a yak
  9283 | D:9      | Reached XP level 8. HP: -8/34 MP: 9/9
  9291 | D:9      | Noticed a green ugly thing
  9311 | D:9      | Reached XP level 9. HP: 24/37 MP: 10/10
  9354 | D:9      | HP: 1/37 [green ugly thing (3)]
  9355 | D:9      | Succumbed to a green ugly thing's poison

Vault maps used:
D:1:      scummos_arrival_forest, bh_walls_and_bars
D:2:      serial_glass, glass_columns_a, glass_columns_a
D:3:      kennysheep_six_static_rooms, lemuel_coloured_pillars_altar
D:4:      grunt_gozag_statues, serial_shops, shop, grunt_ministairs_9
D:5:      nicolae_ru_great_annihilating_truth, first_bread
D:6:      minitemple, basic_altar, eino_tiny_chamber, grunt_potential
D:7:      kennysheep_little_box, gammafunk_temple_overflow_pools,
          lemuel_round_altar, temple_pool_b
D:8:      nicolae_tso_besieged_by_evil, lair_0_dummy, enter_ossuary_2,
          serial_shops, nicolae_shop_stone, kennysheep_generic_room_9
D:9:      lemuel_round_altar, uniq_erolcha
Temple:   temple_island_7
Ossuary:  ossuary_minmay_tomb_2a

Action                   |  1- 3 |  4- 6 |  7- 9 || total
-------------------------+-------+-------+-------++-------
Melee: Unarmed           |    91 |   172 |   347 ||   610
Invok: Berserk           |     2 |     6 |    11 ||    19
       Trog's Hand       |       |     3 |     9 ||    12
       Brothers in Arms  |       |       |     1 ||     1
  Use: Scroll            |       |       |     9 ||     9
       Potion            |       |       |     4 ||     4
 Stab: Sleeping          |     5 |    16 |    44 ||    65
       Invisible         |       |       |     3 ||     3
       Distracted        |       |       |     3 ||     3
  Eat: Chunk             |     8 |    11 |    26 ||    45
